 Dungeon Crawl Stone Soup version 0.27-a0-988-g25969acef8 (webtiles) character file.

Game seed: 15617815784294932364

33908 Lanoc the Unseen (level 14, -3/90 HPs)
             Began as a Kobold Gladiator on Apr 15, 2021.
             Was an Elder of Wu Jian.
             Killed from afar by a guardian serpent (24 damage)
             ... with a bolt of poison
             ... on level 3 of the Abyss on Apr 16, 2021.
             The game lasted 00:40:04 (17885 turns).

Lanoc the Unseen (Kobold Gladiator)                Turns: 17885, Time: 00:40:04

Health: -3/90      AC: 25    Str: 11    XL:     14   Next: 10%
Magic:  0/14       EV: 18    Int: 20    God:    Wu Jian [****..]
Gold:   421        SH: 19    Dex: 24    Spells: 13/13 levels left

rFire    + . .     SeeInvis .   a - +1 rapier (vorpal)
rCold    + + .     Faith    .   g - +3 buckler of Tuakus {rF+}
rNeg     + . .     Spirit   +   y - +6 ice dragon scales of Insatiable Hunger {rF- rC++ Dex+3}
rPois    .         Reflect  .   N - +1 helmet of Blue Skies {Fly Int+3 Slay+2}
rElec    .         Harm     .   (no cloak)
rCorr    .         Rampage  .   M - +2 pair of gloves
Will     +....                  n - +0 pair of boots
Stlth    +++++++...             x - brooch of Shielding {Spirit SH+8}
HPRegen  0.25/turn              h - +4 ring of protection
MPRegen  0.14/turn              S - ring "Qelusito" {Drain +Blink rF+ rN+ Int+7}

@: mighty, lethally poisoned (-3 -> -15), flying, slowed, very slow
A: small, no large weapons, nightstalker 3
a: Renounce Religion, Evoke Blink, Wall Jump, Serpent's Lash


You were on level 3 of the Abyss.
You worshipped Wu Jian.
Wu Jian was greatly pleased with you.
You visited 2 branches of the dungeon, and saw 16 of its levels.
You visited the Abyss 1 time.
You also visited: Sewer, Ossuary and Ice Cave.

You collected 1127 gold pieces.
You spent 706 gold pieces at shops.

Inventory:

Hand Weapons
 a - a +1 vorpal rapier (weapon)
 z - the +4 trident "Iloukh" {flame, rElec Will- Dex+6 Stlth+}
   (You found it on level 6 of the Dungeon)

   It has been specially enchanted to burn those struck by it, causing extra
   injury to most foes and up to half again as much damage against particularly
   susceptible opponents.
   It affects your dexterity (+6).
   It insulates you from electricity.
   It decreases your willpower.
   It makes you more stealthy.
 C - a +2 short sword of holy wrath
 H - a +0 dagger of freezing
Missiles
 d - 2 throwing nets (quivered)
 I - 3 atropa-tipped darts
Armour
 g - the +3 buckler of Tuakus (worn) {rF+}
   (You acquired it on level 11 of the Dungeon)

   It protects you from fire.
 n - a +0 pair of boots (worn)
 y - the +6 ice dragon scales of Insatiable Hunger (worn) {rF- rC++ Dex+3}
   (You found it in an ice cave)

   It affects your dexterity (+3).
   It makes you vulnerable to fire.
   It greatly protects you from cold.
 J - +0 steam dragon scales
 M - a +2 pair of gloves (worn)
 N - the +1 helmet of Blue Skies (worn) {Fly Int+3 Slay+2}
   (You bought it in a shop on level 5 of the Dungeon)

   It affects your intelligence (+3).
   It affects your accuracy and damage with ranged weapons and melee attacks
   (+2).
   It grants you flight.
Jewellery
 h - a +4 ring of protection (left hand)
 w - an amulet of the acrobat
 x - the brooch of Shielding (around neck) {Spirit SH+8}
   (You found it on level 5 of the Dungeon)

   [amulet of guardian spirit]

   It causes incoming damage to be divided between your reserves of health and
   magic.
   It affects your SH (+8).
 O - a +6 ring of strength
 S - the ring "Qelusito" (right hand) {Drain +Blink rF+ rN+ Int+7}
   (You found it in an ice cave)

   [ring of protection from fire]

   It affects your intelligence (+7).
   It protects you from fire.
   It protects you from negative energy.
   It lets you blink.
   It drains your maximum health when unequipped.
Wands
 b - a wand of polymorph (5)
 A - a wand of charming (18)
 K - a wand of digging (9)
 P - a wand of flame (8)
 Q - a wand of paralysis (11)
Scrolls
 c - 2 scrolls of fog
 j - a scroll of enchant weapon
 o - 3 scrolls of blinking
 p - a scroll of amnesia
 v - 2 scrolls of immolation
 F - a scroll of magic mapping
 G - 2 scrolls of enchant armour
 L - 2 scrolls of summoning
 R - a scroll of teleportation
Potions
 e - 3 potions of flight
 f - 2 potions of might
 i - 2 potions of attraction
 k - 2 potions of resistance
 l - a potion of ambrosia
 m - 3 potions of haste
 q - 3 potions of brilliance
 r - 6 potions of lignification
 s - 4 potions of berserk rage
 t - 2 potions of magic
 u - 8 potions of curing
 B - 2 potions of mutation
 D - a potion of invisibility {unknown}
 E - 2 potions of heal wounds


   Skills:
 + Level 11.0 Fighting
 - Level 14.0 Short Blades
 - Level 2.1 Throwing
 + Level 12.1 Dodging
 * Level 17.9 Stealth
 - Level 5.6 Shields


You had 13 spell levels left.
You didn't know any spells.
Your spell library contained the following spells:

 Spells                   Type           Power      Damage    Failure   Level
 Animate Skeleton         Necr           0%         N/A       87%         1
 Apportation              Tloc           0%         N/A       87%         1
 Corona                   Hex            0%         N/A       87%         1
 Foxfire                  Conj/Fire      0%         2x1d4     87%         1
 Freeze                   Ice            0%         1d3       87%         1
 Magic Dart               Conj           0%         1d3       87%         1
 Summon Small Mammal      Summ           0%         N/A       87%         1
 Blink                    Tloc           N/A        N/A       95%         2
 Call Imp                 Summ           0%         N/A       95%         2
 Slow                     Hex            0%         N/A       95%         2
 Conjure Flame            Conj/Fire      0%         6-21      99%         3
 Frozen Ramparts          Ice            0%         1d2       99%         3
 Inner Flame              Hex/Fire       0%         N/A       99%         3
 Mephitic Cloud           Conj/Pois/Air  0%         N/A       99%         3
 Ozocubu's Armour         Ice            0%         N/A       99%         3
 Cause Fear               Hex            0%         N/A       100%        4
 Hailstorm                Conj/Ice       0%         3d3       100%        4
 Sticky Flame             Conj/Fire      0%         2d3       100%        4
 Fireball                 Conj/Fire      0%         3d3       100%        5
 Metabolic Englaciation   Hex/Ice        0%         N/A       100%        5
 Silence                  Hex/Air        0%         N/A       100%        5
 Yara's Violent Unravell  Hex/Tmut       0%         3d3       100%        5
 Discord                  Hex            0%         N/A       100%        8


Dungeon Overview and Level Annotations

Branches:
Dungeon (15/15)            Temple (1/1) D:5            Lair (0/6) D:11
    Orc (0/2) D:10         Vaults (0/5) D:14          Sewer (visited)
Ossuary (visited)           IceCv (visited)
 Depths: D:15

Altars:
Ashenzari
Dithmenos
Fedhas
Gozag
Hepliaklqana
Ru
Trog
Wu Jian
Xom
Zin

Shops:
D:1 !   D:2 [   D:5 *[:!

Annotations:
D:11 1 runed translucent door, Flippered's ghost, journeyman GrGl
D:12 3 runed translucent doors, Lanoc's ghost, journeyman TeFE
D:13 2 transporters, Zuumid's ghost, journeyman FoFi
D:14 Louise


Innate Abilities, Weirdness & Mutations

You are small and have problems with some larger weapons.
You are completely attuned to the shadows.


Message History

The merfolk javelineer throws a silver javelin.
The silver javelin pierces through you but does no damage.
You spin and attack the lurking horror repeatedly.
You barely miss the lurking horror.
The guardian serpent shouts!
You puncture the lurking horror!
Your body is wracked with pain!
The merfolk javelineer convulses!
The guardian serpent convulses!
The guardian serpent casts a spell at you.
The bolt of poison misses you.
The merfolk javelineer throws a silver javelin.
The silver javelin pierces through you.
You puncture the merfolk javelineer!
The merfolk javelineer is severely wounded.
The merfolk javelineer throws a silver javelin.
The silver javelin misses you.
You barely miss the merfolk javelineer.
The merfolk javelineer is severely wounded.
You closely miss the merfolk javelineer.
The merfolk javelineer is severely wounded.
You block the merfolk javelineer's attack.
You miss the merfolk javelineer.
The merfolk javelineer is severely wounded.
The guardian serpent coils itself and waves its upper body at you.
You feel yourself slow down.
You spin and attack the merfolk javelineer repeatedly.
You hit the merfolk javelineer.
The merfolk javelineer is severely wounded.
You puncture the merfolk javelineer!
The merfolk javelineer is almost dead.
You block the guardian serpent's attack.
The merfolk javelineer throws a silver javelin.
The silver javelin pierces through you! The guardian serpent hits you!
* * * LOW HITPOINT WARNING * * *
You block the merfolk javelineer's attack.
You puncture the merfolk javelineer!
The merfolk javelineer is almost dead.
The guardian serpent coils itself and waves its upper body at you.
The bolt of poison hits you!!
You are poisoned.
You die...

. #..### #.#
#....###
.#.#
#...#.+# ..#
# . #.∩mS..#
# ..# .#
#..@# ####..
## .
#...###.
.### # ..#
##.).#......
. ## ..#
.....†...
...# . ##.
..#....##
.###..#.. .
.#..#.
...>.. . ..
#... ...#..
.### .#. .#
.......## .
# .##. .


You could see a merfolk javelineer and a guardian serpent.

Vanquished Creatures
  2 tentacled starspawn (Abyss:3)
  3 vault guards (D:14)
  A hydra (D:10)
  5 boulder beetles
  A centaur warrior (D:13)
  4 two-headed ogres
  An orc knight (D:12)
  3 ugly things
  3 cyclopes
  2 manticores (D:14)
  An elephant (D:11)
  A smoke demon (Abyss:3)
  Joseph (D:7)
  2 apocalypse crabs (Abyss:3)
  2 ice statues (IceCv)
  5 gargoyles
  A kobold demonologist (D:11)
  2 rime drakes (D:13)
  A troll (shapeshifter) (D:14)
  3 trolls
  24 slime creatures
  Sigmund (D:6)
  2 wyverns (D:11)
  A steam dragon (D:8)
  10 vampire mosquitoes
  2 basilisks (D:11)
  2 wargs (D:10)
  An acid dragon (D:12)
  2 water moccasins (D:6)
  4 orc warriors
  A necrophage (D:5)
  8 ice beasts
  A black bear (D:4)
  A black bear (shapeshifter) (D:14)
  2 sky beasts
  6 ogres
  7 centaurs
  2 phantoms (D:5)
  A small abomination (Abyss:3)
  2 kobold brigands (D:8)
  3 bullfrogs
  2 scorpions
  A water moccasin zombie (D:5)
  A water moccasin skeleton (D:5)
  6 howler monkeys
  5 centaur zombies
  3 hounds
  2 jellies
  2 human zombies (Ossuary)
  A bullfrog skeleton (D:5)
  8 orc priests
  3 gnoll shamans
  A centaur skeleton (D:6)
  6 orc wizards
  A killer bee zombie (D:9)
  A hound zombie (D:5)
  A hound skeleton (D:4)
  2 mummies (Ossuary)
  2 howler monkey zombies
  12 gnolls
  3 river rats (Sewer)
  9 adders
  A shadow imp (D:6)
  A white imp (D:7)
  A dart slug (D:2)
  46 orcs
  9 ball pythons
  4 bats
  8 endoplasms
  4 giant cockroaches
  7 hobgoblins
  10 jackals
  5 quokkas
  9 frilled lizards
  5 goblins
  10 hobgoblin zombies (Ossuary)
  A jackal zombie (Ossuary)
  13 kobolds
  9 kobold zombies (Ossuary)
  10 orc zombies (Ossuary)
  16 rats
  3 rat zombies (Ossuary)
  A lurking horror (Abyss:3)
372 creatures vanquished.

Vanquished Creatures (collateral kills)
  An iguana (D:6)
  A white imp (D:6)
2 creatures vanquished.

Vanquished Creatures (others)
  2 gnolls (D:8)
  4 plants
6 creatures vanquished.

Grand Total: 380 creatures vanquished

Notes
Turn   | Place    | Note
-------+----------+-------------------------------------------
     0 | D:1      | Lanoc the Kobold Gladiator began the quest for the Orb.
     0 | D:1      | Reached XP level 1. HP: 12/12 MP: 1/1
   150 | D:1      | Reached XP level 2. HP: 7/18 MP: 2/2
   459 | D:1      | Found a faded altar of an unknown god.
   464 | D:1      | Became a worshipper of the Wu Jian Council
   464 | D:1      | Reached * piety under Wu Jian
   906 | D:1      | Found Lenac's Distillery.
  1321 | D:1      | Reached XP level 3. HP: 22/22 MP: 3/3
  1944 | D:2      | Reached skill level 1 in Stealth
  1987 | D:2      | Found Gifag's Antique Armour Shop.
  2236 | D:2      | Reached skill level 5 in Short Blades
  2724 | D:3      | Reached XP level 4. HP: 27/27 MP: 4/4
  2989 | D:3      | Noticed a bullfrog
  2992 | D:3      | Killed a bullfrog
  2993 | D:3      | Reached skill level 2 in Stealth
  2993 | D:3      | Reached XP level 5. HP: 32/32 MP: 5/5
  3126 | D:3      | Reached ** piety under Wu Jian
  3744 | D:4      | Noticed a black bear
  3747 | D:4      | Killed a black bear
  3748 | D:4      | Reached skill level 3 in Stealth
  3748 | D:4      | Reached XP level 6. HP: 37/37 MP: 6/6
  3938 | D:4      | Reached skill level 4 in Stealth
  4092 | D:5      | Entered Level 5 of the Dungeon
  4107 | D:5      | Found a sand-covered staircase.
  4112 | Ossuary  | Entered an ossuary
  4253 | Ossuary  | Reached skill level 5 in Dodging
  4262 | Ossuary  | Reached *** piety under Wu Jian
  4263 | Ossuary  | Reached XP level 7. HP: 38/42 MP: 7/7
  4552 | Ossuary  | Reached skill level 5 in Stealth
  4814 | D:5      | Found a staircase to the Ecumenical Temple.
  4818 | D:5      | Found the brooch of Shielding {Spirit SH+8}
  4821 | Temple   | Entered the Ecumenical Temple
  4859 | D:5      | Reached XP level 8. HP: 48/48 MP: 6/8
  4901 | D:5      | Found Hantag's Antique Armour Shop.
  4949 | D:5      | Reached skill level 6 in Stealth
  4961 | D:5      | Found Piewnik's General Store.
  4964 | D:5      | Bought a scroll of teleportation for 42 gold pieces
  5267 | D:5      | Reached **** piety under Wu Jian
  5431 | D:5      | Reached skill level 7 in Stealth
  5507 | D:5      | Reached skill level 5 in Fighting
  5514 | D:5      | Found Amyxkie's Book Shoppe.
  5539 | D:5      | Reached XP level 9. HP: 54/54 MP: 9/9
  5643 | D:5      | Reached skill level 8 in Stealth
  5902 | D:5      | Found Wacried's Distillery.
  5909 | D:5      | Bought a potion of heal wounds for 60 gold pieces
  5909 | D:5      | Bought a potion of lignification for 36 gold pieces
  5909 | D:5      | Bought a potion of curing for 36 gold pieces
  6170 | D:6      | Found a glowing drain.
  6174 | Sewer    | Entered a sewer
  6358 | Sewer    | Reached ***** piety under Wu Jian
  6715 | D:6      | Found a sacrificial altar of Ru.
  6716 | D:6      | Reached skill level 1 in Shields
  6743 | D:6      | Found a broken altar of Ashenzari.
  6864 | D:6      | Identified the +4 trident "Iloukh" {flame, rElec Will-
                  | Dex+6 Stlth+}
  6879 | D:6      | Reached skill level 9 in Stealth
  6908 | D:6      | Noticed Sigmund
  7073 | D:6      | Killed Sigmund
  7074 | D:6      | Reached skill level 10 in Short Blades
  7139 | D:6      | Found an ornate altar of the Wu Jian Council.
  7456 | D:7      | Noticed Joseph
  7468 | D:7      | Killed Joseph
  7735 | D:7      | Found a glowing silver altar of Zin.
  7789 | D:7      | Reached XP level 10. HP: 60/60 MP: 10/10
  7849 | D:7      | Reached skill level 10 in Stealth
  8065 | D:7      | Found an opulent altar of Gozag.
  8501 | D:8      | Identified the +1 flail of Sin {holy, rF+}
  9332 | D:9      | Noticed a two-headed ogre
  9335 | D:9      | Killed a two-headed ogre
  9336 | D:9      | Reached skill level 11 in Stealth
  9457 | D:5      | Bought a faintly glowing helmet for 266 gold pieces
  9457 | D:5      | Identified the +1 helmet of Blue Skies {Fly Int+3 Slay+2}
                  | (You bought it in a shop on level 5 of the Dungeon)
  9681 | D:9      | Noticed a two-headed ogre
  9684 | D:9      | Killed a two-headed ogre
 10185 | D:10     | Entered Level 10 of the Dungeon
 10216 | D:10     | Found a bloodstained altar of Trog.
 10263 | D:10     | Reached XP level 11. HP: 40/67 MP: 7/11
 10444 | D:10     | You are sucked into a shaft and drop 1 floor!
 10517 | D:11     | Noticed an elephant
 10518 | D:11     | Found a staircase to the Lair.
 10520 | D:11     | Killed an elephant
 10521 | D:11     | Reached skill level 12 in Stealth
 10581 | D:10     | Noticed a six-headed hydra
 10584 | D:10     | Killed a six-headed hydra
 10834 | D:10     | Found a staircase to the Orcish Mines.
 11171 | D:11     | Identified a scroll of acquirement
 11171 | D:11     | Acquired the +3 buckler of Tuakus {rF+}
 11192 | D:11     | Noticed a cyclops
 11195 | D:11     | Killed a cyclops
 11221 | D:11     | Noticed a two-headed ogre
 11244 | D:11     | Killed a two-headed ogre
 11420 | D:11     | Reached skill level 13 in Stealth
 11551 | D:5      | Bought a pair of masterwork gloves for 266 gold pieces
 11551 | D:5      | Identified the -6 pair of gloves of Indomitability {Str+2}
                  | (You bought it in a shop on level 5 of the Dungeon)
 11721 | D:11     | Found a runed translucent door.
 11722 | D:11     | Found a shimmering altar of Xom.
 11722 | D:11     | Noticed Flippered's ghost (journeyman GrGl)
 11723 | D:11     | Noticed a +4 broad axe of chaos
 12220 | D:12     | Reached XP level 12. HP: 61/73 MP: 10/12
 12267 | D:12     | Noticed a two-headed ogre
 12279 | D:12     | Killed a two-headed ogre
 12801 | D:11     | Reached skill level 14 in Stealth
 12873 | D:12     | Noticed a boulder beetle
 12882 | D:11     | Killed a boulder beetle
 12883 | D:11     | Reached skill level 5 in Shields
 13267 | D:12     | Noticed a boulder beetle
 13270 | D:12     | Killed a boulder beetle
 13271 | D:12     | Reached skill level 10 in Dodging
 13862 | D:12     | Noticed Lanoc's ghost (journeyman TeFE)
 13863 | D:12     | Noticed a minotaur
 13940 | D:12     | Found a runed translucent gate.
 13940 | D:12     | Found a runed translucent gate.
 13942 | D:12     | Found a runed translucent gate.
 14168 | D:13     | Found a frozen archway.
 14174 | D:13     | Reached skill level 15 in Stealth
 14179 | IceCv    | Entered an ice cave
 14212 | IceCv    | Reached XP level 13. HP: 80/80 MP: 13/13
 15249 | IceCv    | Identified the +6 ice dragon scales of Insatiable Hunger
                  | {rF- rC++ Dex+3}
 15255 | IceCv    | Identified the ring "Qelusito" {Drain +Blink rF+ rN+ Int+7}
 15712 | D:13     | Noticed a boulder beetle
 15715 | D:13     | Killed a boulder beetle
 15808 | D:13     | Found a transporter.
 15925 | D:13     | Noticed a centaur warrior
 15928 | D:13     | Killed a centaur warrior
 15929 | D:13     | Reached skill level 16 in Stealth
 15978 | D:13     | Reached skill level 10 in Fighting
 16126 | D:13     | Noticed a boulder beetle
 16143 | D:13     | Killed a boulder beetle
 16225 | D:13     | Found a transporter.
 16685 | D:13     | Noticed Zuumid's ghost (journeyman FoFi)
 16775 | D:13     | You are sucked into a shaft and drop 2 floors!
 16775 | D:15     | Entered Level 15 of the Dungeon
 17375 | D:14     | Noticed a boulder beetle
 17378 | D:14     | Killed a boulder beetle
 17379 | D:14     | Reached skill level 17 in Stealth
 17410 | D:14     | Noticed a vault guard
 17410 | D:14     | Noticed a vault guard
 17410 | D:14     | Noticed a vault guard
 17411 | D:14     | Found a gate to the Vaults.
 17411 | D:14     | Noticed a vault guard
 17411 | D:14     | Noticed a vault guard
 17411 | D:14     | Noticed a vault guard
 17413 | D:14     | Noticed a vault guard
 17442 | D:14     | Killed a vault guard
 17460 | D:14     | Killed a vault guard
 17813 | D:14     | Noticed a vault guard
 17826 | D:14     | Noticed Louise
 17831 | D:14     | Killed a vault guard
 17833 | D:14     | Cast into level 3 of the Abyss (Louise)
 17854 | Abyss:3  | Noticed a tentacled starspawn
 17858 | Abyss:3  | Killed a tentacled starspawn
 17861 | Abyss:3  | Noticed a tentacled starspawn
 17863 | Abyss:3  | Killed a tentacled starspawn
 17864 | Abyss:3  | Reached XP level 14. HP: 88/88 MP: 14/14
 17885 | Abyss:3  | Killed from afar by a guardian serpent

Illustrated notes

Levels and vault maps discovered:
D:1:      lightli_arrival_boilingwater, layout_basic,
          shapermc_ecumenical_altar_totnotflames, serial_shops, shop
D:2:      layout_loops_corners, serial_shops, shop_fountains,
          minmay_fountain_box, chequers_big_river
D:3:      layout_basic, st_stairs_1, hangedman_abyss_or_decor_stabs
D:4:      layout_cave_pools
D:5:      layout_basic, minmay_temple_entry_ruins, enter_ossuary_2,
          serial_shops, shop, nicolae_shop_stone, kennysheep_mini_moat,
          nicolae_shop_behind_doors
D:6:      layout_cave_pools, pdpol_wu_jian_five_deadly_venoms,
          grunt_temple_overflow_open, gup_sewer_entry_bowl, uniq_sigmund
D:7:      layout_rooms, grunt_gozag_statues, kennysheep_mini,
          grunt_decor_arrowhead, serial_bayou_pond_a, dk_vineyard_2, uniq_joseph
D:8:      layout_gridville
D:9:      layout_long_grid, chequers_serial_rivers_micro_a
D:10:     layout_cave_pools, amcnicky_altar_gilded, erik_orc_4
D:11:     layout_basic, david_lair_generic, ebering_ghost_xom
D:12:     layout_loops_ring, maelrawn_ghost_gauntlet_escape, special_room
          [special_room_orc]
D:13:     layout_irregular_city, gammafunk_ghost_wrathful_warriors,
          portal_ice_cave_rime
D:14:     layout_basic, erik_vaults_2, minmay_misc_feat_square, uniq_louise
D:15:     grunt_enter_depths_magical_seal, layout_grid_maze, serial_shops,
          nicolae_shop_stone
Temple:   lightli_temple_of_artemis
Abyss:3:  base: D:2, nicolae_abyss_rune_left_handed

Skill      XL: |  1  2  3  4  5  6  7  8  9 10 11 12 13 14 |
---------------+-------------------------------------------+-----
Dodging        | 4 5 6 7 8 9 10 12 | 12.1
Stealth        | 1 2 3 4 5 7 9 11 13 15 17 | 17.9
Short Blades   | 5 6 7 9 10 11 13 14 | 14.0
Fighting       | 3 4 5 6 7 8 9 10 11 | 11.0
Shields        | 2 3 4 5 |  5.6
Throwing       | |  2.1

Action                   |  1- 3 |  4- 6 |  7- 9 | 10-12 | 13-15 || total
-------------------------+-------+-------+-------+-------+-------++-------
Melee: Rapier            |    99 |   198 |   462 |   907 |   570 ||  2236
       Dagger            |       |       |       |     8 |       ||     8
Throw: Throwing net      |       |       |     5 |     2 |       ||     7
Invok: Lunge             |     7 |    22 |    26 |    59 |    27 ||   141
       Whirlwind         |       |    21 |    75 |   177 |   112 ||   385
       Heavenly Storm    |       |       |       |     1 |     1 ||     2
 Abil: Wall Jump         |       |     4 |     6 |     2 |       ||    12
Evoke: Wand              |       |       |     2 |       |     1 ||     3
  Use: Scroll            |       |       |    10 |     9 |     4 ||    23
       Potion            |       |       |     5 |       |     1 ||     6
 Stab: Sleeping          |     9 |    22 |    27 |    39 |    21 ||   118
       Distracted        |       |       |     2 |     7 |     3 ||    12
       Held in net/web   |       |       |     3 |     3 |       ||     6
Armor: Leather armour    |    14 |    36 |    62 |     9 |       ||   121
       Steam dragon scal |       |       |       |    31 |     7 ||    38
       Ice dragon scales |       |       |       |       |    33 ||    33
Dodge: Dodged            |    78 |   129 |   226 |   223 |   108 ||   764
Block: Other             |       |       |    34 |       |       ||    34
       Buckler           |       |       |    75 |   384 |   197 ||   656

Table legend: (Time is in decaauts)
 A = Elapsed time spent in this place.
 B = Non-inter-level travel time spent in this place.
 C = Inter-level travel time spent in this place.
 D = Time resting spent in this place.
 E = Time spent auto-exploring this place.
 F = Levels seen in this place.
 G = Mean time per level.
                   A        B        C        D        E       F      G
               +--------+--------+--------+--------+--------+-----+--------+
         Total |  17542 |  16557 |    985 |   2094 |  11231 |  20 |  877.1 |
       Dungeon |  15158 |  14173 |    985 |   1026 |  10696 |  15 | 1010.5 |
        Temple |     16 |     16 |      0 |      0 |      0 |   1 |   16.0 |
         Abyss |     49 |     49 |      0 |      0 |      0 |   1 |   49.0 |
         Sewer |    481 |    481 |      0 |      0 |    364 |   1 |  481.0 |
       Ossuary |    510 |    510 |      0 |    105 |    122 |   1 |  510.0 |
      Ice Cave |   1325 |   1325 |      0 |    963 |     49 |   1 | 1325.0 |
               +--------+--------+--------+--------+--------+-----+--------+

Top non-repeatable levels by time:
     D:5: 1637 daAuts
     D:1: 1507 daAuts
    D:11: 1506 daAuts
    D:12: 1374 daAuts
   IceCv: 1325 daAuts
     D:8: 1285 daAuts
     D:2: 1185 daAuts
    D:13: 1147 daAuts
     D:6: 879 daAuts
    D:10: 835 daAuts
     D:3: 769 daAuts
     D:7: 768 daAuts
    D:14: 762 daAuts
     D:9: 717 daAuts
     D:4: 641 daAuts
